 Dungeon Crawl Stone Soup version 0.23-a0-275-g0cf4261 (webtiles) character file.

150 antrollio the Chopper (level 5, 0/47 HPs)
             Began as a Hill Orc Monk on Oct 2, 2018.
             Killed from afar by Natasha (4 damage)
             ... with a magic dart
             ... on level 2 of the Dungeon.
             The game lasted 00:09:25 (1821 turns).

antrollio the Chopper (Hill Orc Monk)               Turns: 1821, Time: 00:09:25

Health: 0/47       AC:  4    Str: 13 (14) XL:     5   Next: 32%
Magic:  0/5        EV: 12    Int:  9 (10) God:
Gold:   41         SH:  0    Dex: 13 (14) Spells: 4/4 levels left

rFire    . . .     SeeInvis .   a - +0 hand axe
rCold    . . .     Gourm    .   (no shield)
rNeg     . . .     Faith    .   u - +0 leather armour
rPois    .         Spirit   +   (no helmet)
rElec    .         Reflect  .   p - scarf {Spirit}
rCorr    .         Harm     .   (no gloves)
MR       .....                  n - +0 pair of boots (curse)
Stlth    ++........             (no amulet)
HPRegen  0.15/turn              (no ring)
MPRegen  0.09/turn              (no ring)

@: slowed, very slow
A: no striking features
a: no special abilities


You were on level 2 of the Dungeon.
You were not hungry.

You visited 1 branch of the dungeon, and saw 2 of its levels.

You collected 41 gold pieces.

Inventory:

Hand Weapons
 a - a +0 hand axe (weapon)
Missiles
 d - 15 arrows
 i - 9 sling bullets
Armour
 m - a +0 plate armour
 n - a cursed +0 pair of boots (worn)
 p - a scarf of spirit shield (worn)
 s - a +0 chain mail
 u - a +0 leather armour (worn)
Scrolls
 g - a scroll of remove curse {unknown}
 h - 2 scrolls of blinking {unknown}
 j - a scroll of enchant armour {unknown}
 k - 2 scrolls of fear {unknown}
 l - a scroll of identify {unknown}
 q - a scroll of teleportation {unknown}
 r - a scroll of amnesia {unknown}
Potions
 b - a potion of ambrosia {unknown}
 e - a potion of flight {unknown}
 f - a potion of might {unknown}
 o - a potion of degeneration
Comestibles
 c - 4 rations


   Skills:
 + Level 4.6 Fighting
 * Level 6.0 Axes
 + Level 2.3 Armour
 - Level 2.5 Dodging
 - Level 1.5 Stealth


You had 4 spell levels left.
You didn't know any spells.
Your spell library was empty.

Dungeon Overview and Level Annotations

Branches:
Dungeon (2/15)

Altars:

Annotations:
D:2 Natasha


Message History

Natasha closely misses you.
You hit Natasha but do no damage.
Natasha casts a spell.
You hit Natasha but do no damage. Natasha barely misses you.
Natasha stares at you and mumbles some strange words.
The magic dart hits you!
* * * LOW HITPOINT WARNING * * *
You barely miss Natasha.
The crimson imp disappears in a puff of smoke!
Natasha completely misses you.
You closely miss Natasha. Natasha claws you.
* * * LOW HITPOINT WARNING * * *
A hobgoblin comes into view. It is wielding a club.
Natasha misses you.
You closely miss Natasha.
The shadow imp disappears in a puff of smoke!
The crimson imp blinks!
Natasha stares at you and mumbles some strange words.
The magic dart hits you!
You die...

.. #. .# ... .# #.#
##g## #.# ##...##
#.#### ##.....##
#.##.## ##.......##
#.#...####§........#
#.......@h§....5..('(
#.#...####.........##
#.##.## ##.......##
#.#### ##.....## #.#
##...## #.# ##'## .#
#.# #.# .# #.# #.# .#
#.# ##.## .#


You could see Natasha, a crimson imp and a hobgoblin (wandering).

Vanquished Creatures
  Terence (D:2)
  Natasha (D:2)
  A gnoll (D:2)
  4 adders (D:2)
  2 dart slugs
  2 leopard geckos (D:1)
  6 bats
  3 giant cockroaches
  11 goblins
  4 hobgoblins
  5 kobolds (D:1)
  2 ball pythons (D:2)
  2 frilled lizards
  6 rats
50 creatures vanquished.

Notes
Turn   | Place    | Note
-------+----------+-------------------------------------------
     0 | D:1      | antrollio the Hill Orc Monk began the quest for the Orb.
     0 | D:1      | Reached XP level 1. HP: 19/19 MP: 1/1
   145 | D:1      | Reached XP level 2. HP: 11/27 MP: 2/2
   412 | D:1      | Reached skill level 1 in Armour
   512 | D:1      | Reached XP level 3. HP: 28/33 MP: 3/3
   938 | D:2      | Reached skill level 5 in Axes
  1068 | D:2      | Reached XP level 4. HP: 26/40 MP: 4/4
  1283 | D:2      | Noticed Natasha
  1300 | D:2      | Killed Natasha
  1316 | D:2      | Reached XP level 5. HP: 6/47 MP: 1/5
  1768 | D:2      | Noticed Terence
  1784 | D:2      | Noticed Natasha
  1786 | D:2      | Killed Terence
  1786 | D:2      | Reached skill level 6 in Axes
  1813 | D:2      | HP: 2/47 [white imp[Natasha] (1)]
  1821 | D:2      | Killed from afar by Natasha

Vault maps used:
D:1:      nagdon_arrival_double_spiral, minmay_pentomino_t2
D:2:      minmay_misc_feat_nine_boxes, uniq_natasha, uniq_terence

Skill      XL: |  1  2  3  4  5 |
---------------+----------------+-----
Armour         | 1 2 |  2.3
Fighting       | 4 |  4.6
Axes           | 5 6 |  6.0
Dodging        | |  2.5
Stealth        | |  1.5

Action                   |  1- 3 |  4- 6 || total
-------------------------+-------+-------++-------
Melee: Hand axe          |   149 |   101 ||   250
  Use: Potion            |       |     2 ||     2
 Stab: Sleeping          |     3 |     1 ||     4
       Distracted        |     2 |       ||     2
  Eat: Chunk             |     1 |     1 ||     2
       Ration            |       |     1 ||     1
Armor: Robe              |    29 |     5 ||    34
       Leather armour    |       |    13 ||    13
Dodge: Dodged            |   109 |    69 ||   178

Table legend:
 A = Non-vault XP
 B = Vault XP
 C = Vault XP percentage of total XP
 D = Non-vault monster count
 E = Vault monster count
 F = Vault count percentage of total count
                 A         B        C        D         E       F
            +---------+---------+-------+---------+---------+-------
      Total |     142 |      73 |  34.0 |      46 |       4 |   8.0
            +---------+---------+-------+---------+---------+-------
        D:1 |      56 |       2 |   3.4 |      31 |       2 |   6.1
        D:2 |      86 |      71 |  45.2 |      15 |       2 |  11.8
            +---------+---------+-------+---------+---------+-------
